Map: Purity and Industry LE

Players

prospeKt - Winner!

  • Race: Zerg Zerg
  • League: Platinum
  • Spawn Location: 12:00

VOD

Have the link to the VOD?

Description

Time

  • Played on: June 2, 2020, 4:26 a.m.
  • Length: 16:53
Show
View Real Time Build Order
Export as new Build Order

prospeKt Zerg - Winner!

Build Orders:  

Get SALT Encoding   

  12  0:01  Drone  
  13  0:18  Overlord  
  13  0:40  Drone  
  13  0:44  Drone x2  
  16  1:07  Drone  
  17  1:19  Drone  
  18  1:25  Hatchery  
  17  1:33  Drone  
  18  1:41  Drone  
  18  1:49  Spawning Pool  
  18  1:54  Extractor  
  18  1:56  Drone  
  18  2:11  Drone  
  19  2:28  Drone  
  20  2:44  Overlord  
  20  2:56  Drone  
  21  3:08  Queen x2  
  25  3:10  Drone  
  26  3:20  Drone  
  26  3:27  Drone x2  
  29  3:39  Drone  
  30  3:42  Overlord  
  30  3:57  Drone x2  
  32  4:02  Queen  
  32  4:07  Drone  
  35  4:13  Overlord  
  35  4:22  Drone  
  35  4:24  Lair  
  35  4:28  Drone  
  37  4:36  Drone  
  38  4:44  Drone x4  
  38  4:47  Drone  
  38  4:48  Drone  
  38  4:49  Overlord  
  44  5:09  Overlord  
  44  5:12  Drone x2  
  46  5:20  Hatchery  
  46  5:22  Extractor  
  46  5:24  Roach Warren  
  46  5:27  Evolution Chamber, Extractor  
  46  5:29  Drone  
  42  5:30  Drone x5  
  42  5:33  Drone  
  48  5:43  Overlord  
  48  5:45  Drone x2  
  50  5:53  Drone  
  51  6:05  Drone x2  
  53  6:10  Zerg Missile Weapons Level 1  
  53  6:24  Roach x2  
  53  6:25  Roach x4  
  53  6:28  Glial Reconstitution  
  65  6:30  Roach x2  
  69  6:48  Drone x2  
  71  7:01  Overlord  
  71  7:05  Drone x7  
  78  7:28  Drone  
  78  7:29  Drone x2  
  81  7:50  Drone x5  
  81  7:51  Drone  
  81  7:55  Extractor x2  
  85  8:10  Hydralisk Den  
  85  8:16  Overlord x2, Evolution Chamber  
  85  8:17  Overlord  
  85  8:18  Drone  
  85  8:19  Drone x6  
  90  8:58  Drone  
  90  8:59  Drone x5  
  96  9:00  Drone x5  
  96  9:01  Drone x3  
  96  9:02  Drone  
  96  9:03  Hatchery  
  104  9:22  Hatchery  
  103  9:32  Zerg Ground Armor Level 1  
  103  9:41  Zerg Missile Weapons Level 2  
  103  9:46  Drone  
  103  9:47  Drone x2  
  106  9:57  Overlord x3  
  106  10:01  Hydralisk  
  106  10:02  Hydralisk x3  
  114  10:49  Drone x2  
  116  10:50  Hydralisk x2  
  116  10:51  Hydralisk x11  
  142  11:08  Extractor  
  141  11:11  Extractor  
  141  11:15  Hatchery, Unknown  
  141  11:16  Hydralisk x5  
  141  11:17  Hatchery  
  141  11:18  Overlord x5  
  148  11:26  Hydralisk  
  150  11:43  Hydralisk x3  
  156  11:53  Hydralisk x12  
  156  11:54  Hydralisk x3  
  156  11:57  Overlord x2  
  156  11:58  Overlord  
  186  12:01  Hydralisk x2  
  190  12:23  Hatchery  
  190  12:25  Hatchery  
  190  12:27  Hydralisk x6  
  200  12:56  Zerg Ground Armor Level 2  
  200  13:02  Infestation Pit  
  200  13:05  Drone  
  200  13:14  Hydralisk  
  190  13:21  Unknown  
  184  13:37  Hydralisk x8  
  200  13:59  Hatchery  
  199  14:03  Hatchery  
  198  14:24  Drone x2  
  200  15:13  Hive  
  200  15:28  Extractor  
  200  15:29  Extractor  
  198  15:30  Drone  
  198  15:31  Drone  
Tags
 
Add a new tag
Caveats
  • Supply blocks, unpowered buildings, or Contaminate may cause inaccurate times.
  • Supply counts are checked every 10 seconds.